 Dungeon Crawl Stone Soup version 0.18.1-5-g4a78601 (webtiles) character file.

74143 Gobbopathe the Devastator (level 15, -7/90 HPs)
             Began as a Demonspawn Conjurer on May 9, 2016.
             Mangled by a sun demon (8 damage)
             ... on level 1 of the Abyss.
             The game lasted 04:55:06 (29618 turns).

Gobbopathe the Devastator (Demonspawn Conjurer)    Turns: 29618, Time: 04:55:07

Health: -7/90      AC: 12    Str: 12      XL:     15   Next: 6%
Magic:  0/39       EV: 19    Int: 23      God:    Xom [.*....]
Gold:   1680       SH:  0    Dex: 10 (13) Spells: 9 memorised, 9 levels left

rFire  + . .     SeeInvis .     c - +1 executioner's axe (freeze)
rCold  + . .     Gourm    .     j - +3 leather armour {MR+}
rNeg   . . .     Faith    .     (shield currently unavailable)
rPois  +         Spirit   .     (helmet unavailable)
rElec  .         Dismiss  .     K - +0 cloak
rCorr  .         Reflect  .     Y - +2 pair of gloves {archery}
SustAt .         Harm     .     v - +1 pair of boots
MR     ++...     Rnd*Rage +     q - amulet of regeneration
Stlth  +.........               V - ring of protection from fire
                                g - ring "Miojap" {rC+ MP+9 Str+3}

@: exhausted, very slightly contaminated, slowed, repel missiles, very slow,
very resistant to hostile enchantments, very unstealthy
A: horns 3, repulsion field 3, berserk 1, blurry vision 1, demonic guardian 1,
foul stench 1, poison resistance, screaming 1, rot immunity
a: Renounce Religion


You were on level 1 of the Abyss.
You worshipped Xom.
You were a plaything of Xom.
You were near starving.

You visited 4 branches of the dungeon, and saw 22 of its levels.
You visited the Abyss 1 time.
You also visited: Bailey.

You collected 2133 gold pieces.
You spent 453 gold pieces at shops.

Inventory:

Hand Weapons
 b - a +3 hunting sling of flaming
 c - a +1 executioner's axe of freezing (weapon)
 e - a +3 arbalest
 n - a +1 whip of electrocution
 t - a +3 hand axe
 A - a +1 scimitar of flaming
 G - a cursed -2 halberd
 M - a +4 war axe
Missiles
 m - 41 tomahawks (quivered)
 p - 130 sling bullets
Armour
 d - a +2 hat
 j - a +3 leather armour of magic resistance (worn)
 v - a +1 pair of boots (worn)
 K - a +0 cloak (worn)
 Y - a +2 pair of gloves of archery (worn)
Magical Staves
 a - an uncursed staff of power
Jewellery
 g - the ring "Miojap" (left hand) {rC+ MP+9 Str+3}
   (You acquired it on level 1 of the Orcish Mines)

   [ring of magical power]

   It affects your strength (+3).
   It protects you from cold.
   It affects your magic capacity (+9).
 k - an uncursed ring of positive energy
 q - an amulet of regeneration (around neck)
 r - an uncursed ring of see invisible
 u - an uncursed ring of resist corrosion
 D - a +3 ring of protection
 E - a +4 ring of slaying
 F - an uncursed ring of sustain attributes
 I - an uncursed ring of stealth
 V - a ring of protection from fire (right hand)
Wands
 h - a wand of teleportation (5/9)
 s - a wand of polymorph (12/24)
 x - a wand of random effects (30/48)
Scrolls
 o - 2 scrolls of teleportation
 y - 6 scrolls of enchant armour
 B - a scroll of enchant weapon
 C - a scroll of identify
 U - a scroll of fog
Potions
 f - 2 potions of brilliance
 l - 2 potions of cancellation
 z - a potion of heal wounds
 O - 7 potions of curing
Miscellaneous
 i - a phial of floods
 T - a crystal ball of energy
 X - a box of beasts
Comestibles
 H - 5 bread rations
 L - a meat ration


   Skills:
 - Level 6.0 Slings
 * Level 9.5 Dodging
 - Level 1.7 Stealth
 - Level 11.5 Spellcasting
 - Level 17.0 Conjurations
 - Level 3.0 Hexes
 - Level 6.1 Charms
 - Level 3.0 Translocations
 - Level 4.0 Air Magic
 - Level 7.0 Evocations


You had 9 spell levels left.
You knew the following spells:

 Your Spells              Type           Power        Failure   Level  Hunger
a - Magic Dart            Conj           ####         0%          1    None
b - Iskenderun's Mystic   Conj           ######..     1%          4    None
c - Iskenderun's Battles  Conj/Chrm      ######..     1%          5    ####...
d - Fulminant Prism       Conj/Hex       ######....   1%          4    None
e - Repel Missiles        Chrm/Air       #####.       1%          2    None
f - Swiftness             Chrm/Air       #####...     1%          2    None
g - Lightning Bolt        Conj/Air       ######....   2%          5    ####...
h - Confuse               Hex            ####....     8%          3    None
i - Blink                 Tloc           N/A          3%          2    None


Dungeon Overview and Level Annotations

Branches:
Dungeon (11/15)            Temple (1/1) D:5            Lair (8/8) D:11
 Shoals (0/4) Lair:5       Spider (0/4) Lair:6        Slime (0/6) Lair:6
    Orc (2/2) D:10
    Elf: Orc:2

Altars:
Cheibriados
Dithmenos
Elyvilon
Gozag
Kikubaaqudgha
Makhleb
Nemelex Xobeh
Okawaru
Pakellas
Qazlal
Ru
Sif Muna
Trog
Vehumet
Xom
Yredelemnul
Zin
The Shining One
Beogh
Jiyva

Shops:
D:8 *![   D:10 ([   Orc:1 *   Orc:2 %

Annotations:
D:9 exclusion: ice statue


Innate Abilities, Weirdness & Mutations

You have a pair of large horns on your head.
You are surrounded by a strong repulsion field (EV +4, rMsl).
A weak demonic guardian rushes to your aid.
You may emit foul miasma when damaged in melee.
You are immune to rotting.
You tend to lose your temper in combat.
Scrolls take you a little longer to read.
Your system is resistant to poisons.
You occasionally shout uncontrollably at your foes.


Message History

Press: ? - help, Shift-Dir - straight line, f/p - sun demon
Aim: a sun demon (purple smoke, heavily wounded)
The orb of energy misses the sun demon.
The sun demon closely misses you.
Casting: Iskenderun's Mystic Blast
Confirm with . or Enter, or press ? or * to list all spells.
Aiming: Iskenderun's Mystic Blast
Press: ? - help, Shift-Dir - straight line, f/p - sun demon
Aim: a sun demon (purple smoke, heavily wounded)
The orb of energy hits the sun demon.
The sun demon is heavily wounded.
The orb of energy explodes!
The mystic blast hits the starcursed mass.
You destroy the starcursed mass!
The sun demon hits you.
You are engulfed in flames!
You resist.
* * * LOW HITPOINT WARNING * * *
The sun demon hits you!!
* * * LOW HITPOINT WARNING * * *
You are engulfed in flames!
You resist.
You die...
Xom cackles wildly!

## # # # .##.
. .# ...# . #
X # #.## ##.
##§§#.#.. .#X
#§@§# (. .. ..
#3#X#.. X ..#
#§##.. # # #
#§##.#.#( # .
.# # 5#.. .# #
.
..#.#X5.###..#
. . #.
.#X#....# . #
.##XX##..##
....#...#. #.#


You could see a starcursed mass, a sun demon and a quasit.

Vanquished Creatures
  Rupert (Lair:4)
  The ghost of CcS the Severer, a journeyman MiBe of Trog (Lair:2)
  Josephine (D:11)
  The ghost of puimuR the Grappler, a journeyman TrWr of Makhleb (D:11)
  5 hydras
  Erolcha (D:11)
  Urug (D:11)
  6 death yaks
  2 orc high priests (Orc:2)
  Sonja (Lair:4)
  An unseen horror (D:11)
  2 hill giants
  A harpy (Lair:4)
  2 orc knights (Bailey)
  An orc sorcerer (Orc:1)
  An oklob plant (Lair:5)
  An ugly thing (D:11)
  3 griffons
  A salamander (shapeshifter) (Lair:8)
  19 elephants
  A cyclops (Orc:1)
  Psyche (D:8)
  Joseph (D:9)
  A torpor snail (Lair:5)
  A gargoyle (D:10)
  3 black mambas
  26 spiny frogs
  An efreet (Abyss:1)
  An ancient zyme (Abyss:1)
  8 komodo dragons
  3 rime drakes
  2 merfolk (Lair:5)
  3 giant leeches (Lair:8)
  4 jumping spiders
  3 polar bears
  22 blink frogs
  A boulder beetle (Lair:7)
  Sigmund (D:3)
  6 redbacks
  A shadow (D:11)
  31 yaks
  A wyvern (Lair:8)
  5 wraiths
  2 fire bats
  7 basilisks
  Eustachio (D:4)
  6 hippogriffs
  10 vampire mosquitoes
  A small abomination (Abyss:1)
  20 water moccasins
  13 porcupines
  23 orc warriors
  3 sky beasts
  3 ice beasts
  A slave (D:9)
  A black bear (D:8)
  6 ogres
  10 wolves
  9 crocodiles
  3 centaurs
  2 big kobolds (D:8)
  28 giant frogs
  A wyvern zombie (D:11)
  4 scorpions
  10 killer bees
  12 wights
  5 electric eels
  A troll skeleton (D:9)
  3 spriggan skeletons (D:9)
  4 howler monkeys
  4 jellies
  A lava snake (Lair:8)
  A crimson imp (D:7)
  A quasit (D:11)
  3 starcursed masses (Abyss:1)
  4 centaur zombies (D:10)
  3 giant frog zombies
  7 hounds
  3 centaur skeletons
  4 giant frog skeletons
  12 orc priests
  11 iguanas
  Jessica (D:3)
  Ijyb (D:3)
  11 orc wizards
  12 worker ants
  8 sheep (Lair:5)
  A hound skeleton (D:4)
  A worker ant zombie (D:11)
  Robin (D:3)
  3 howler monkey zombies
  20 adders
  47 river rats
  2 shadow imps (D:6)
  A white imp (Abyss:1)
  2 oozes
  An adder skeleton (D:5)
  2 adder zombies
  3 worms
  4 dart slugs
  6 giant geckos
  108 orcs
  2 ball pythons
  12 giant cockroaches
  23 goblins
  8 hobgoblins
  5 jackals (D:3)
  8 quokkas
  15 bats
  2 giant gecko skeletons
  6 giant newts
  A jackal skeleton (D:6)
  19 kobolds
  3 quokka skeletons
  8 rats
  2 fungi
  4 plants
775 creatures vanquished.

Vanquished Creatures (collateral kills)
  A death yak (Lair:7)
  An orc knight (Orc:1)
  An ugly thing (D:11)
  A troll (D:11)
  3 blink frogs (Lair:6)
  A yak (Lair:4)
  3 orc warriors (Bailey)
  A porcupine (Lair:6)
  An ogre (D:6)
  A giant frog (Lair:7)
  A killer bee (D:9)
  A wight (D:7)
  A worker ant (D:5)
  3 orcs
20 creatures vanquished.

Vanquished Creatures (others)
  Pikel (D:9)
  2 slaves (D:9)
  A hungry ghost (D:9)
  A giant frog (D:9)
  A crimson imp (D:9)
  A river rat (Lair:8)
  A ball lightning (D:9)
  6 bushes (Lair:8)
  A fire vortex (Lair:8)
  42 fungi
  34 plants
91 creatures vanquished.

Grand Total: 886 creatures vanquished

Notes
Turn   | Place    | Note
--------------------------------------------------------------
     0 | D:1      | Gobbopathe the Demonspawn Conjurer began the quest for the Orb.
     0 | D:1      | Reached XP level 1. HP: 13/13 MP: 3/3
   354 | D:1      | Gained mutation: You have a pair of small horns on your head. [demonic ancestry]
   354 | D:1      | Reached XP level 2. HP: 9/19 MP: 1/5
  1138 | D:1      | Gained mutation: A weak demonic guardian rushes to your aid. [demonic ancestry]
  1138 | D:1      | Reached XP level 3. HP: 24/24 MP: 4/6
  1142 | D:1      | Reached skill level 5 in Conjurations
  1960 | D:2      | Reached XP level 4. HP: 30/30 MP: 3/7
  2501 | D:2      | Found an iron altar of Okawaru.
  2657 | D:3      | Noticed Robin
  2801 | D:3      | Noticed Jessica
  3003 | D:3      | Killed Jessica
  3003 | D:3      | Gained mutation: You are surrounded by a mild repulsion field (EV +2). [demonic ancestry]
  3003 | D:3      | Reached XP level 5. HP: 35/35 MP: 5/9
  3059 | D:3      | Learned a level 4 spell: Iskenderun's Mystic Blast
  3093 | D:3      | Noticed Sigmund
  3102 | D:3      | Killed Sigmund
  3102 | D:3      | Reached skill level 6 in Conjurations
  3102 | D:3      | Gained mutation: You are immune to rotting. [demonic ancestry]
  3102 | D:3      | Reached XP level 6. HP: 41/41 MP: 1/11
  3480 | D:3      | Killed Robin
  4081 | D:3      | Noticed Ijyb
  4169 | D:3      | Killed Ijyb
  4169 | D:3      | Reached skill level 7 in Conjurations
  4628 | D:4      | Learned a level 5 spell: Iskenderun's Battlesphere
  4940 | D:4      | Noticed Eustachio
  4963 | D:4      | Killed Eustachio
  4963 | D:4      | Reached skill level 1 in Charms
  4963 | D:4      | Gained mutation: You are surrounded by a moderate repulsion field (EV +3). [demonic ancestry]
  4963 | D:4      | Reached XP level 7. HP: 31/46 MP: 0/13
  5562 | D:5      | Entered Level 5 of the Dungeon
  5599 | D:5      | Reached skill level 8 in Conjurations
  5790 | D:5      | Reached skill level 1 in Slings
  5881 | D:5      | Reached XP level 8. HP: 45/52 MP: 0/15
  6229 | D:5      | Found a staircase to the Ecumenical Temple.
  6242 | Temple   | Entered the Ecumenical Temple
  6248 | Temple   | Became a worshipper of Xom the Psychopath
  6757 | D:5      | XOM: harmless Pois miscast
  6975 | D:6      | XOM: potion effect (agility)
  7269 | D:6      | Reached skill level 5 in Spellcasting
  7298 | D:6      | XOM: potion effect (magic)
  7301 | D:6      | Reached skill level 9 in Conjurations
  7302 | D:6      | XOM: harmless Hex miscast
  7382 | D:6      | XOM: 3-stop teleportation journey
  7619 | D:6      | Gained mutation: You are robust (+10% HP). [potion of mutation]
  7619 | D:6      | Gained mutation: You are very robust (+20% HP). [potion of mutation]
  7619 | D:6      | Gained mutation: Your system is resistant to poisons. [potion of mutation]
  7933 | D:6      | Reached XP level 9. HP: 68/68 MP: 4/17
  7968 | D:6      | XOM: mild Hex miscast
  8026 | D:6      | XOM: god gift: 43 gold pieces
  8147 | D:6      | XOM: harmless Chrm miscast
  8195 | D:6      | XOM: mild Conj miscast
  8449 | D:6      | You fall through a shaft for 3 floors!
  8543 | D:9      | Noticed a hill giant
  8547 | D:9      | Killed a hill giant
  8547 | D:9      | Reached skill level 10 in Conjurations
  8697 | D:9      | XOM: confuse monster(s)
  8786 | D:9      | XOM: polymorph slave -> sky beast
  8786 | D:9      | Noticed Pikel
  8787 | D:9      | XOM: confuse monster(s)
  8789 | D:9      | XOM: 2-stop teleportation journey
  8794 | D:9      | Killed Pikel
  8794 | D:9      | XOM: divine lightning (protected)
  8895 | D:8      | Found a burning altar of Makhleb.
  8905 | D:8      | Found a radiant altar of Vehumet.
  8907 | D:8      | Found a basalt altar of Yredelemnul.
  8909 | D:8      | Found a glowing silver altar of Zin.
  9094 | D:7      | XOM: harmless Fire miscast
  9139 | D:7      | XOM: enchant monster (bad)
  9209 | D:7      | XOM: silly message
  9220 | D:7      | XOM: cast spell 'Summon Mana Viper'
  9480 | D:8      | Reached skill level 5 in Charms
  9481 | D:8      | XOM: polymorph quasit -> hell rat
  9489 | D:8      | Found Voiff's Distillery.
  9533 | D:8      | Found Kuocih's Assorted Antiques.
  9547 | D:8      | Bought a viscous black potion for 23 gold pieces
  9638 | D:8      | Gained mutation: You may emit foul miasma when damaged in melee. [demonic ancestry]
  9638 | D:8      | Reached XP level 10. HP: 75/75 MP: 10/19
  9875 | D:6      | XOM: harmless Pois miscast
 10604 | D:8      | Noticed Psyche
 10607 | D:8      | Killed Psyche
 10645 | D:8      | Reached skill level 11 in Conjurations
 10921 | D:8      | Found Xot Woum's Antique Armour Emporium.
 10929 | D:8      | Bought a glowing leather armour for 62 gold pieces
 10939 | D:8      | XOM: god gift: potion of might
 11138 | D:9      | Noticed Joseph
 11152 | D:9      | Killed Joseph
 11152 | D:9      | Reached skill level 5 in Slings
 11513 | D:9      | XOM: severe Air miscast
 11539 | D:9      | XOM: 5-stop teleportation journey
 11592 | D:9      | Noticed an ice statue
 11693 | D:9      | XOM: give mutations
 11693 | D:9      | Gained mutation: You are dopey. (Int -2) [Xom's mischief]
 11693 | D:9      | Gained mutation: You are agile. (Dex +2) [Xom's mischief]
 11693 | D:9      | Gained mutation: Armour fits poorly on your strangely shaped body. [Xom's mischief]
 11693 | D:9      | Lost mutation: You are dopey. (Int -2) [Xom's mischief]
 11929 | D:9      | XOM: summons 4 hostile shadow creatures
 12051 | D:9      | XOM: severe Chrm miscast
 12051 | D:9      | Paralysed by the severe capriciousness of Xom for 5 turns
 12164 | D:10     | Entered Level 10 of the Dungeon
 12287 | D:10     | XOM: harmless Chrm miscast
 12306 | D:10     | Found Puah's Weapon Boutique.
 12315 | D:10     | Found a staircase to the Orcish Mines.
 12318 | D:10     | Found Amadiokk's Armour Boutique.
 12346 | D:10     | Bought a +2 pair of gloves of archery for 236 gold pieces
 12384 | D:10     | XOM: harmless Fire miscast
 12444 | D:10     | XOM is BORED!
 12444 | D:10     | XOM: severe Hex miscast
 12464 | D:10     | Gained mutation: You tend to lose your temper in combat. [mutagenic glow]
 12483 | D:10     | XOM: give mutations
 12483 | D:10     | Gained mutation: Scrolls take you a little longer to read. [Xom's mischief]
 12483 | D:10     | Lost mutation: Armour fits poorly on your strangely shaped body. [Xom's mischief]
 12483 | D:10     | Lost mutation: You are very robust (+20% HP). [Xom's mischief]
 12500 | D:10     | Gained mutation: You are dopey. (Int -2) [mutagenic glow]
 13076 | D:11     | XOM: noise
 13078 | D:11     | XOM: severe Necr miscast
 13079 | D:11     | Noticed a soul eater
 13083 | D:11     | Noticed puimuR's ghost (journeyman TrWr)
 13232 | D:11     | Noticed an unseen horror
 13238 | D:11     | Killed an unseen horror
 13238 | D:11     | Reached XP level 11. HP: 56/74 MP: 22/22
 13262 | D:11     | Reached skill level 12 in Conjurations
 13264 | D:11     | XOM: give mutations
 13264 | D:11     | Gained mutation: You have sharp toenails. [Xom's mischief]
 13264 | D:11     | Lost mutation: You are agile. (Dex +2) [Xom's mischief]
 13264 | D:11     | Lost mutation: You are robust (+10% HP). [Xom's mischief]
 13268 | D:11     | Learned a level 4 spell: Fulminant Prism
 13549 | D:11     | Noticed a cyan ugly thing
 13552 | D:11     | Noticed a hill giant
 13552 | D:11     | XOM: blink monster(s)
 13555 | D:11     | Killed a hill giant
 13564 | D:11     | Killed a cyan ugly thing
 13589 | D:11     | XOM: mild Pois miscast
 13606 | D:11     | XOM: harmless Trmt miscast
 13654 | D:11     | XOM: vitrification
 13818 | D:11     | Found a staircase to the Lair.
 13830 | D:11     | Noticed Urug
 13834 | D:11     | XOM: blink monster(s)
 13841 | D:11     | Killed Urug
 13947 | D:11     | Noticed Erolcha
 13950 | D:11     | Killed Erolcha
 13950 | D:11     | Reached skill level 1 in Hexes
 13988 | D:11     | Noticed Josephine
 14097 | D:11     | Noticed a purple ugly thing
 14104 | D:11     | XOM: medium Fire miscast
 14450 | D:11     | Killed Josephine
 14495 | D:11     | XOM: chaos cloud
 14664 | D:11     | Killed a purple ugly thing
 14665 | D:11     | XOM: polymorph crimson imp -> quasit
 14740 | D:11     | Killed puimuR's ghost
 14740 | D:11     | Reached skill level 13 in Conjurations
 14846 | D:11     | XOM: give mutation
 14846 | D:11     | Lost mutation: Scrolls take you a little longer to read. [Xom's mischief]
 14862 | D:11     | XOM: stat loss: -1 Str (8/9)
 14938 | D:11     | Learned a level 2 spell: Repel Missiles
 14941 | D:11     | Learned a level 2 spell: Swiftness
 15123 | D:11     | Found a shimmering altar of Xom.
 15184 | Lair:1   | Entered Level 1 of the Lair of Beasts
 15189 | Lair:1   | Reached skill level 5 in Dodging
 15203 | Lair:1   | Learned a level 5 spell: Lightning Bolt
 15207 | Lair:1   | Learned a level 3 spell: Confuse
 15402 | Lair:1   | XOM: give mutations
 15402 | Lair:1   | Gained mutation: Your body sometimes deteriorates upon taking damage. [Xom's mischief]
 15402 | Lair:1   | Lost mutation: You are dopey. (Int -2) [Xom's mischief]
 15402 | Lair:1   | Lost mutation: You have sharp toenails. [Xom's mischief]
 15731 | Lair:1   | Reached skill level 1 in Air Magic
 15731 | Lair:1   | Gained mutation: You have a pair of horns on your head. [demonic ancestry]
 15731 | Lair:1   | Reached XP level 12. HP: 74/74 MP: 22/24
 16014 | Lair:2   | Noticed CcS's ghost (journeyman MiBe)
 16211 | Lair:1   | Learned a level 2 spell: Blink
 16391 | Lair:1   | XOM: harmless Trmt miscast
 16714 | Lair:2   | Killed CcS's ghost
 16756 | Lair:2   | Reached skill level 1 in Translocations
 16814 | Lair:2   | XOM: noise
 16901 | Lair:2   | XOM: colour smoke trail
 17366 | Lair:2   | XOM: draining
 17949 | Lair:3   | XOM: give mutations
 17949 | Lair:3   | Gained mutation: You occasionally shout uncontrollably at your foes. [Xom's mischief]
 17949 | Lair:3   | Lost mutation: Your body sometimes deteriorates upon taking damage. [Xom's mischief]
 18265 | Lair:4   | Reached skill level 14 in Conjurations
 18267 | Lair:4   | XOM: chaos cloud
 18367 | Lair:4   | XOM: 5-stop teleportation journey
 18383 | Lair:4   | XOM: scenery: 1 doors open
 18646 | Lair:4   | XOM: vitrification
 18673 | Lair:4   | Noticed Sonja
 18676 | Lair:4   | Killed Sonja
 18913 | Lair:4   | Noticed a five-headed hydra
 18937 | Lair:4   | XOM: harmless Pois miscast
 18947 | Lair:4   | Killed a five-headed hydra
 18954 | Lair:4   | XOM: mild Pois miscast
 19065 | Lair:4   | XOM: mild Tloc miscast
 19071 | Lair:4   | XOM: colour smoke trail
 19143 | Lair:4   | XOM: blink monster(s)
 19146 | Lair:4   | Reached XP level 13. HP: 75/79 MP: 13/26
 19235 | Lair:4   | XOM: mild Air miscast
 19336 | Lair:4   | XOM: medium Air miscast
 19352 | Lair:4   | XOM: enchant monster (bad)
 19473 | Lair:4   | XOM: medium Pois miscast
 19646 | Lair:4   | XOM: polymorph hippogriff -> harpy
 19915 | Lair:5   | Reached skill level 10 in Spellcasting
 19990 | Lair:5   | XOM: summons 6 hostile demons
 20224 | Lair:5   | XOM: mild Trmt miscast
 20224 | Lair:5   | XOM: smoke on damage
 20225 | Lair:5   | XOM: summons 4 friendly demons
 20244 | Lair:5   | XOM: confusion (+ monsters)
 20245 | Lair:5   | XOM: summons 2 friendly demons
 20451 | Lair:5   | XOM: 4-stop teleportation journey
 20455 | Lair:5   | Reached skill level 15 in Conjurations
 20490 | Lair:5   | XOM: fog
 20570 | Lair:5   | XOM: medium Divn miscast
 20908 | Lair:5   | Found a staircase to the Shoals.
 20916 | Lair:5   | Reached skill level 1 in Evocations
 20964 | Lair:5   | XOM is BORED!
 20964 | Lair:5   | XOM: summons 1 hostile demon
 21019 | Lair:5   | XOM: noise
 21049 | Lair:5   | XOM: colour smoke trail
 21333 | Lair:5   | XOM: cast spell 'Hydra Form'
 21406 | Lair:5   | XOM: summons friendly white imp
 21436 | Lair:5   | XOM: scenery: 2 doors open
 21528 | Lair:6   | Found a staircase to the Slime Pits.
 21528 | Lair:6   | Found a viscous altar of Jiyva.
 21536 | Lair:6   | XOM: vitrification
 21538 | Lair:6   | XOM: destruction
 21556 | Lair:6   | XOM: scenery: create altars
 21564 | Lair:6   | XOM: scenery: create altars
 21567 | Lair:6   | XOM: polymorph crocodile -> scorpion
 21652 | Lair:5   | XOM: god gift: slice of pizza
 21657 | Lair:6   | XOM: cast spell 'Statue Form'
 21665 | Lair:6   | XOM: divination: detect items
 21899 | Lair:6   | Found a hole to the Spider Nest.
 21939 | Lair:6   | XOM: summons 3 friendly demons
 22224 | Lair:6   | XOM: 4-stop teleportation journey
 22608 | Lair:6   | You fall through a shaft!
 22803 | Lair:6   | XOM: vitrification
 23154 | Lair:6   | XOM: medium Chrm miscast
 23188 | Lair:6   | XOM: god gift: plate armour {god gift}
 23390 | Lair:4   | Noticed Rupert
 23395 | Lair:4   | Killed Rupert
 23437 | Lair:6   | XOM: summons 4 friendly demons
 23468 | Lair:7   | Reached XP level 14. HP: 85/85 MP: 15/28
 23594 | Lair:7   | XOM: cast spell 'Summon Butterflies'
 24098 | Lair:7   | XOM: summons friendly shadow imp
 24168 | Lair:7   | XOM: silly message
 24341 | Lair:7   | XOM: harmless Ice miscast
 24354 | Lair:8   | Entered Level 8 of the Lair of Beasts
 24534 | Lair:8   | XOM: divination: magic mapping
 24855 | Lair:8   | Reached skill level 16 in Conjurations
 24856 | Lair:8   | XOM: summons friendly white imp
 24959 | Lair:8   | XOM: cast spell 'Statue Form'
 24968 | Lair:8   | XOM: noise
 24990 | Lair:7   | XOM: silly message
 25005 | Lair:7   | Reached skill level 5 in Evocations
 25019 | Lair:7   | XOM: scenery: create altars
 25024 | Lair:7   | XOM: summons friendly hellwing
 25587 | Lair:7   | XOM is BORED!
 25587 | Lair:7   | XOM: stat loss: -2 Int (20/22)
 25668 | Lair:7   | XOM: god gift: slice of pizza
 25822 | Lair:8   | XOM: 1-stop teleportation journey
 25842 | Lair:8   | XOM: fake destruction
 25876 | Lair:8   | XOM: fog
 25885 | Lair:8   | XOM: fog
 25971 | Lair:8   | XOM: cast spell 'Metabolic Englaciation'
 25973 | Lair:8   | XOM: confuse monster(s)
 26130 | Lair:7   | XOM: god gift: hardcover book {god gift}
 26171 | Lair:8   | XOM: mild Hex miscast
 26553 | Lair:8   | XOM is BORED!
 26553 | Lair:8   | XOM: mild Hex miscast
 26584 | Lair:8   | XOM: cast spell 'Statue Form'
 26612 | Lair:8   | XOM: enchant monster (good)
 26621 | Lair:8   | XOM: cast spell 'Summon Small Mammal'
 26625 | Lair:8   | XOM: confuse monster(s)
 26634 | Lair:8   | XOM: potion effect (brilliance)
 26638 | Lair:8   | XOM: noise
 26714 | Lair:8   | XOM: harmless Fire miscast
 26930 | Lair:8   | XOM: give mutations
 26930 | Lair:8   | Gained mutation: Scrolls take you a little longer to read. [Xom's mischief]
 26930 | Lair:8   | Gained mutation: Scrolls take you longer to read. [Xom's mischief]
 26930 | Lair:8   | Lost mutation: Scrolls take you longer to read. [Xom's mischief]
 27055 | Lair:8   | XOM: summons friendly white imp
 27057 | Lair:8   | XOM: confuse monster(s)
 27246 | Lair:8   | XOM: polymorph elephant -> faun
 27293 | Lair:8   | XOM: enchant monster (bad)
 27423 | Lair:8   | XOM: divination: detect creatures
 27885 | Lair:8   | XOM: colour smoke trail
 28028 | Lair:3   | XOM: summons 7 hostile demons
 28224 | Orc:1    | Entered Level 1 of the Orcish Mines
 28275 | Orc:1    | XOM: harmless Trmt miscast
 28383 | Orc:1    | Found a flagged portal.
 28400 | Bailey   | Entered a bailey
 28881 | Bailey   | XOM: mild Pois miscast
 29145 | Orc:1    | Identified a scroll of acquirement
 29145 | Orc:1    | Got a faintly glowing glass ring
 29147 | Orc:1    | Identified the ring "Miojap" {rC+ MP+9 Str+3} (You acquired it on level 1 of the Orcish Mines)
 29150 | Orc:1    | Gained mutation: You have a pair of large horns on your head. [potion of beneficial mutation]
 29188 | Orc:1    | Found Baqoit's Assorted Antiques.
 29206 | Orc:1    | Bought a scroll of remove curse for 66 gold pieces
 29218 | Orc:1    | Bought a scroll of remove curse for 66 gold pieces
 29276 | Orc:2    | XOM: stealth player
 29276 | Orc:2    | Entered Level 2 of the Orcish Mines
 29328 | Orc:2    | Gained mutation: You are surrounded by a strong repulsion field (EV +4, rMsl). [demonic ancestry]
 29328 | Orc:2    | Reached XP level 15. HP: 90/90 MP: 26/30
 29352 | Orc:2    | XOM: harmless Necr miscast
 29396 | Orc:2    | Found a roughly hewn altar of Beogh.
 29411 | Orc:2    | Found Vuitzyi's Food Shoppe.
 29448 | Orc:2    | Reached skill level 17 in Conjurations
 29473 | Orc:2    | Cast into level 1 of the Abyss (orc warrior)
 29501 | Abyss:1  | Found a snail-covered altar of Cheibriados.
 29589 | Abyss:1  | XOM: chaos cloud
 29609 | Abyss:1  | Paralysed by accursed screaming for 1 turns
 29612 | Abyss:1  | HP: 1/135 [starcursed mass/accursed screaming (8)]
 29614 | Abyss:1  | XOM: fog
 29618 | Abyss:1  | HP: 1/90 [sun demon (21)]
 29618 | Abyss:1  | Mangled by a sun demon

Skill      XL: |  1  2  3  4  5  6  7  8  9 10 11 12 13 14 15 |
---------------+----------------------------------------------+-----
Conjurations   | 5 6 7 8 9 10 11 13 14 15 16 17 | 17.0
Spellcasting   | 3 4 5 6 7 8 9 10 11 | 11.5
Charms         | 1 2 3 5 6 |  6.1
Slings         | 1 3 4 5 6 |  6.0
Dodging        | 3 5 6 8 9 |  9.5
Hexes          | 3 |  3.0
Air Magic      | 1 3 4 |  4.0
Translocations | 3 |  3.0
Evocations     | 4 6 7 |  7.0
Stealth        | |  1.7

Action                   |  1- 3 |  4- 6 |  7- 9 | 10-12 | 13-15 || total
-------------------------+-------+-------+-------+-------+-------++-------
Melee: Club              |    15 |       |       |       |       ||    15
       Unarmed           |     3 |       |       |       |       ||     3
       Spear             |    19 |       |    96 |       |       ||   115
       Headbutt          |     8 |     7 |    20 |    17 |    18 ||    70
       Quarterstaff      |    22 |    54 |       |       |       ||    76
       Hand axe          |       |    20 |    19 |       |       ||    39
       Great sword       |       |       |   109 |   164 |    30 ||   303
       Staff             |       |       |       |    10 |     6 ||    16
       Battleaxe         |       |       |       |     4 |       ||     4
       Executioner's axe |       |       |       |       |   117 ||   117
 Fire: Hunting sling     |       |     3 |   150 |    48 |     8 ||   209
Throw: Tomahawk          |       |       |     3 |     2 |     1 ||     6
 Cast: Magic Dart        |    63 |   122 |     8 |   250 |   229 ||   672
       Iskenderun's Myst |       |    20 |    87 |   160 |   330 ||   597
       Iskenderun's Batt |       |       |       |    79 |   123 ||   202
       Swiftness         |       |       |       |     2 |    14 ||    16
       Lightning Bolt    |       |       |       |    10 |    26 ||    36
       Blink             |       |       |       |     6 |    17 ||    23
       Repel Missiles    |       |       |       |     1 |     1 ||     2
Evoke: Wand              |       |       |       |     1 |     1 ||     2
  Use: Scroll            |       |     5 |     7 |    14 |    10 ||    36
       Potion            |       |       |     8 |     3 |    16 ||    27
 Stab: Sleeping          |       |       |     1 |       |       ||     1
       Distracted        |       |       |       |       |     2 ||     2
       Confused          |       |       |       |       |     1 ||     1
  Eat: Chunk             |     4 |    19 |    22 |    38 |    30 ||   113
       Meat ration       |       |       |       |     5 |     1 ||     6
       Beef jerky        |       |       |       |     2 |     2 ||     4
       Pizza             |       |       |       |     1 |     4 ||     5
       Bread ration      |       |       |       |       |     4 ||     4
       Fruit             |       |       |       |       |     3 ||     3
Armor: Robe              |    11 |    18 |    54 |    26 |       ||   109
       Leather armour    |       |       |       |   110 |   247 ||   357
       Skin              |       |       |       |       |    42 ||    42
Dodge: Dodged            |    31 |    43 |   225 |   304 |   816 ||  1419
       Deflected         |       |       |       |     1 |     5 ||     6
Block: Buckler           |       |       |       |       |    11 ||    11
